 Dungeon Crawl Stone Soup version 0.20.1-1-g8b1a95d (webtiles) character file.

53 tidbits the Skirmisher (level 3, 1/30 HPs)
             Began as a Demigod Wanderer on Aug 23, 2017.
             Quit the game on level 3 of the Dungeon.
             The game lasted 00:07:13 (918 turns).

tidbits the Skirmisher (Demigod Wanderer)            Turns: 918, Time: 00:07:13

Health: 1/30       AC:  2    Str: 18    XL:     3   Next: 42%
Magic:  6/6        EV: 12    Int: 14    God:
Gold:   50         SH:  6    Dex: 16    Spells: 4/4 levels left

rFire    + . .     SeeInvis .   a - +0 short sword
rCold    . . .     Gourm    .   D - +1 buckler
rNeg     . . .     Faith    .   B - +0 robe
rPois    .         Spirit   .   (no helmet)
rElec    .         Reflect  .   (no cloak)
rCorr    .         Harm     .   (no gloves)
MR       .....                  (no boots)
Stlth    +.........             (no amulet)
Regen    0.1/turn               e - ring of protection from fire
MPRegen  0.1/turn               (no ring)

@: hasted, very quick
A: high mp 1
a: no special abilities


You were on level 3 of the Dungeon.
You were not hungry.

You visited 1 branch of the dungeon, and saw 3 of its levels.

You collected 50 gold pieces.

Inventory:

Hand Weapons
 a - a +0 short sword (weapon)
 b - a +0 hand axe
 t - a +0 hunting sling
Missiles
 c - 25 arrows
 j - 12 bolts
 k - 7 poisoned needles
 l - 67 stones (quivered)
Armour
 B - a +0 robe (worn)
 D - a +1 buckler (worn)
Jewellery
 e - a ring of protection from fire (left hand)
   (You found it on level 2 of the Dungeon)
Scrolls
 d - a scroll of random uselessness {unknown}
 g - a scroll of immolation
 i - a scroll of enchant armour
 n - a scroll of amnesia {unknown}
 o - 2 scrolls of teleportation
 p - 2 scrolls of identify {unknown}
 r - 2 scrolls of remove curse
 x - a scroll of enchant weapon {unknown}
Potions
 q - a potion of brilliance {unknown}
Books
 h - a book of Maledictions

   Spells                             Type                      Level
   a - Corona                         Hexes                        1
   b - Ensorcelled Hibernation        Hexes/Ice                    2
   c - Confuse                        Hexes                        3
   d - Tukima's Dance                 Hexes                        3
   e - Dazzling Spray                 Conjuration/Hexes            3
Comestibles
 f - 4 bread rations
 m - a royal jelly
 v - 6 fruits
 w - 2 meat rations


   Skills:
 + Level 2.8 Fighting
   Level 1.0 Maces & Flails
 - Level 1.0 Throwing
 - Level 1.0 Armour
 - Level 1.9 Dodging
 - Level 2.3 Shields
 - Level 1.0 Spellcasting
   Level 1.7 Hexes


You had 4 spell levels left.
You didn't know any spells.

Dungeon Overview and Level Annotations

Branches:
Dungeon (3/15)


Innate Abilities, Weirdness & Mutations

You have an increased reservoir of magic. (+10% MP)


Message History

You swing at nothing.
You swing at nothing.
You swing at nothing.
You swing at nothing.
You swing at nothing.
You swing at nothing.
You swing at nothing.
Your transformation is almost over.
You swing at nothing.
You swing at nothing.
You swing at nothing.
You swing at nothing.
You swing at nothing.
You feel less wooden.
Your +0 robe unmelds from your body.
You swing at nothing.
You swing at nothing.
Wield which item (- for none, * to show all)? (? for menu, Esc to quit)
You are now empty-handed.
Found 13 gold pieces.
Wield which item (- for none, * to show all)? (? for menu, Esc to quit)
a - a +0 short sword (weapon)
The rat twitches its whiskers.
The rat misses you.
You hit the rat.
The rat is heavily wounded.
You block the rat's attack.
You hit the rat.
You kill the rat!
You now have 50 gold pieces (gained 13).
There is an escape hatch in the floor here.
You see here a dagger.
You see here a robe.
You open the door.
The jackal barks!
There is an open door here.
You block the jackal's attack. The jackal bites you.
You hit the jackal but do no damage. The jackal misses you.
The jackal closely misses you.
There is an open door here.
You closely miss the jackal. The jackal bites you.
You block the jackal's attack.
You hit the jackal.
The jackal is heavily wounded.
You block the jackal's attack.
You closely miss the jackal.
The jackal is heavily wounded.
The jackal bites you but does no damage.
The jackal barely misses you.
You hit the jackal but do no damage.
The jackal is heavily wounded.
The jackal bites you. The jackal closely misses you.
You hit the jackal.
You kill the jackal!
The worm bites you!
* * * LOW HITPOINT WARNING * * *
You see here a jackal corpse.
The worm bites you.
* * * LOW HITPOINT WARNING * * *
You see here a jackal corpse.
You hit the worm but do no damage. You barely miss the worm.
The worm bites you!
* * * LOW HITPOINT WARNING * * *
You hit the worm.
The worm is lightly wounded.
You block the worm's attack.
It was a potion of haste.
You feel yourself speed up.
You feel better. The worm closely misses you.
You hit the worm.
The worm is moderately wounded.
You hit the worm.
The worm is moderately wounded.
The worm bites you.
* * * LOW HITPOINT WARNING * * *
You hit the worm.
The worm is severely wounded.
You barely miss the worm.
The worm is severely wounded.
You barely miss the worm.
The worm is severely wounded.
The worm closely misses you.
You hit the worm but do no damage.
The worm is heavily wounded.
You hit the worm.
The worm is almost dead.
The worm closely misses you.
You hit the worm.
You kill the worm!
You see here a jackal corpse.
There is an open door here.
q - a grey potion
l - 67 stones (gained 23)
v - 6 fruits (gained 4)
There is a stone staircase leading down, spattered with blood here.
You climb downwards.
The adder bites you.
* * * LOW HITPOINT WARNING * * *
The kobold hits you but does no damage.
There is a stone staircase leading up, spattered with blood here.
Unknown command.
Are you sure you want to abandon this character and quit the game? (Confirm with "yes".)

#.#........##
#.....%..?..#
#.....#...#.#
##.#..#<#....#
.......#(....#
##.#.......#.#
#.........#
##....####...
#@S...# ..#
#.K....r# .#
##+#....# .
#.#..# #....#
####.# .# ##


You could see an adder, a kobold and a rat (wandering).

Vanquished Creatures
  An adder (D:2)
  2 worms (D:2)
  A dart slug (D:1)
  A leopard gecko (D:1)
  A ball python (D:1)
  A giant cockroach (D:1)
  6 goblins
  4 hobgoblins
  4 jackals (D:2)
  A quokka (D:2)
  4 bats
  A frilled lizard (D:1)
  3 kobolds (D:1)
  2 rats (D:2)
32 creatures vanquished.

Notes
Turn   | Place    | Note
-------+----------+-------------------------------------------
     0 | D:1      | tidbits the Demigod Wanderer began the quest for the Orb.
     0 | D:1      | tidbits set off with: a book of Maledictions, a +0 hand axe, a +0 buckler, a +0 robe, a bread ration
     0 | D:1      | Reached XP level 1. HP: 18/18 MP: 4/4
   196 | D:1      | Reached skill level 2 in Shields
   196 | D:1      | Reached XP level 2. HP: 14/25 MP: 5/5
   496 | D:2      | HP: 2/25 [bat (1)]
   525 | D:2      | Reached skill level 1 in Dodging
   633 | D:1      | Reached XP level 3. HP: 8/30 MP: 6/6
   884 | D:2      | HP: 2/30 [worm (7)]
   889 | D:2      | HP: 2/30 [worm (5)]
   917 | D:3      | HP: 1/30 [adder (3)]
   918 | D:3      | Quit the game

Skill      XL: |  1  2 |
---------------+-------+-----
Shields        | 2 |  2.3
Dodging        | 1 |  1.9
Fighting       | |  2.8
Maces & Flails | |  1.0
Throwing       | |  1.0
Armour         | |  1.0
Spellcasting   | |  1.0
Hexes          | |  1.7

Action                   || total
-------------------------++-------
Melee: Short sword       ||   136
       Hand axe          ||     6
       Unarmed           ||     8
  Use: Scroll            ||     4
       Potion            ||     5
Armor: Robe              ||    15
       Skin              ||     5
Dodge: Dodged            ||    90
Block: Buckler           ||    55

Table legend:
 A = Turns spent in this place as a percentage of turns spent in the entire game.
 B = Non-inter-level travel turns spent in this place as a percentage of non-inter-level travel turns spent in the entire game.
 C = Inter-level travel turns spent in this place as a percentage of turns spent in this place.
 D = Turns resting spent in this place as a percentage of non-inter-level travel turns spent in this place.
 E = Turns spent auto-exploring this place as a percentage of non-inter-level travel turns spent in this place.
 F = Non-inter-level travel turns spent in this place divided by the number of levels of this place that you've seen.
                   A       B       C       D       E      F
               +-------+-------+-------+-------+-------+----------------------
         Total | 100.0 | 100.0 |   0.0 |   0.0 |   0.0 | 265.0
       Dungeon | 100.0 | 100.0 |   0.0 |   0.0 |   0.0 | 265.0
               +-------+-------+-------+-------+-------+----------------------

Table legend:
 A = Kills in this place as a percentage of kills in entire the game.
 B = Kills by you in this place as a percentage of kills by you in the entire game.
 C = Kills by friends in this place as a percentage of kills by friends in the entire game.
 D = Other kills in this place as a percentage of other kills in the entire game.
 E = Experience gained in this place as a percentage of experience gained in the entire game.
 F = Experience gained in this place divided by the number of levels of this place that you have seen.
                   A       B       C       D       E      F
               +-------+-------+-------+-------+-------+----------------------
         Total | 100.0 | 100.0 |  -nan |  -nan | 100.0 |  25.7
       Dungeon | 100.0 | 100.0 |  -nan |  -nan | 100.0 |  25.7
               +-------+-------+-------+-------+-------+----------------------

Vault maps used:
D:1:      dpeg_arrival_ternary, minivault_19
D:2:      uniq_crazy_yiuf_cottage
D:3:      solitary_fountain, roderic_serpentine_path, st_stairs_14
